 Dungeon Crawl Stone Soup version 0.22.0-49-gab54619674 (webtiles) character file.

431 JedernureinKreuz the Slasher (level 7, -7/55 HPs)
             Began as a Human Gladiator on Sept 7, 2018.
             Mangled by an ogre
             ... wielding a +0 giant spiked club
              (15 damage)
             ... on level 5 of the Dungeon.
             The game lasted 00:16:01 (3239 turns).

JedernureinKreuz the Slasher (Human Gladiator)      Turns: 3239, Time: 00:16:02

Health: -7/55      AC: 10    Str: 17    XL:     7   Next: 19%
Magic:  7/7        EV:  8    Int:  8    God:
Gold:   190        SH:  0    Dex: 14    Spells: 6/6 levels left

rFire    . . .     SeeInvis +   E - +2 flail (protect)
rCold    . . .     Gourm    .   (no shield)
rNeg     . . .     Faith    .   y - +0 chain mail
rPois    .         Spirit   .   c - +0 helmet
rElec    .         Reflect  .   (no cloak)
rCorr    .         Harm     .   (no gloves)
MR       .....                  (no boots)
Stlth    ..........             (no amulet)
HPRegen  0.18/turn              g - ring of see invisible
MPRegen  0.10/turn              (no ring)

@: no status effects
A: no striking features
a: no special abilities


You were on level 5 of the Dungeon.
You were not hungry.

You visited 1 branch of the dungeon, and saw 5 of its levels.

You collected 190 gold pieces.

Inventory:

Hand Weapons
 a - a +0 hunting sling
 b - a +0 long sword
 v - a +0 dagger of venom
 E - a +2 flail of protection (weapon)
Missiles
 d - 5 throwing nets (quivered)
 j - 67 sling bullets
Armour
 c - a +0 helmet (worn)
 y - a +0 chain mail (worn)
Jewellery
 e - an uncursed ring of magical power
 g - a ring of see invisible (left hand)
 w - an uncursed ring of see invisible
Scrolls
 o - 6 scrolls of identify {unknown}
 p - a scroll of teleportation {unknown}
 r - a scroll of fear {unknown}
 s - a scroll of random uselessness {unknown}
 t - a scroll of noise {unknown}
 u - 2 scrolls of fog {unknown}
 x - a scroll of remove curse
 B - a scroll of immolation {unknown}
Potions
 h - 2 potions of might {unknown}
 i - a potion of ambrosia {unknown}
 m - a potion of lignification {unknown}
 n - a potion of haste {unknown}
 q - a potion of agility {unknown}
 z - a potion of cancellation {unknown}
 A - 2 potions of resistance {unknown}
 C - a potion of brilliance {unknown}
Comestibles
 f - 7 rations
 k - a chunk of flesh


   Skills:
 + Level 4.3 Fighting
 * Level 4.9 Long Blades
 + Level 0.0 Maces & Flails
 + Level 0.0(1.1) Slings
 - Level 2.0 Throwing
 + Level 3.8 Armour
 - Level 3.0 Dodging


You had 6 spell levels left.
You didn't know any spells.
Your spell library contained the following spells:

 Spells                   Type           Power        Failure   Level  Hunger
 Corona                   Hex            #......      99%         1    ##.....
 Ensorcelled Hibernation  Hex/Ice        #.....       100%        2    ###....
 Confuse                  Hex            #.......     100%        3    ####...
 Dazzling Spray           Conj/Hex       #.....       100%        3    ####...
 Tukima's Dance           Hex            #.......     100%        3    ####...


Dungeon Overview and Level Annotations

Branches:
Dungeon (5/15)
 Temple: D:4-7

Altars:
Gozag
Makhleb
Okawaru
Vehumet
Wu Jian
Xom
Zin

Portals:
Sewer: D:5


Message History

* * * LOW HITPOINT WARNING * * *
You hit the ogre but do no damage.
The ogre is heavily wounded.
The ogre hits you with a giant spiked club.
* * * LOW HITPOINT WARNING * * *
You sock the ogre!
The ogre is almost dead.
The ogre hits you with a giant spiked club!
* * * LOW HITPOINT WARNING * * *
You hear the slow rusting of a drain.
You don't know any spells.
Unknown command.
Okay, then.
You see here a robe.
You see here an adder skeleton.
There is a stone staircase leading up here.
The ogre completely misses you.
You see here an adder skeleton.
The ogre hits you with a giant spiked club!
You die...

######.## ####### #.......##
####.....# #..÷...<.#
#........#######..###...####.
#.##+##.....[.....# #........
#.#≈SS#.####......# #..######
#.#≈SS#.# #.###### #..#
#.#≈∩S#.# #O# #..# #.#≈≈≈#..#
#@# #..# #.#≈≈≈#..# #.# #..#
#.#####..# #.# #..#
#........$ ... ....
####.#...###.> #..(..# #...
#.....# #.#. #.##.


You could see an ogre.

Vanquished Creatures
  A howler monkey (D:4)
  A hound (D:4)
  2 orc priests (D:4)
  A centaur skeleton (D:4)
  2 orc wizards (D:4)
  2 worker ants
  9 adders
  A howler monkey skeleton (D:4)
  An ooze (D:4)
  An adder skeleton (D:4)
  3 worms (D:2)
  2 leopard geckos
  9 orcs
  A giant cockroach (D:2)
  7 hobgoblins
  7 kobolds
  3 quokkas
  A ball python (D:1)
  A ball python skeleton (D:4)
  4 bats
  7 frilled lizards
  8 goblins
  4 rats
78 creatures vanquished.

Vanquished Creatures (others)
  An ooze (D:4)
1 creature vanquished.

Grand Total: 79 creatures vanquished

Notes
Turn   | Place    | Note
-------+----------+-------------------------------------------
     0 | D:1      | JedernureinKreuz the Human Gladiator began the quest for
                  | the Orb.
     0 | D:1      | Reached XP level 1. HP: 16/16 MP: 1/1
   235 | D:1      | Reached XP level 2. HP: 22/22 MP: 2/2
   771 | D:2      | Found a shimmering altar of Xom.
   780 | D:2      | Reached skill level 1 in Armour
   815 | D:2      | Reached XP level 3. HP: 23/28 MP: 3/3
  1117 | D:2      | Reached XP level 4. HP: 19/34 MP: 4/4
  1777 | D:3      | Reached XP level 5. HP: 37/41 MP: 5/5
  1861 | D:3      | Found a glowing silver altar of Zin.
  1862 | D:3      | Found an opulent altar of Gozag.
  2041 | D:3      | Found a burning altar of Makhleb.
  2200 | D:4      | Reached XP level 6. HP: 30/47 MP: 6/6
  2265 | D:4      | Found Aqaxzeim's Magic Scroll Emporium.
  2607 | D:4      | Found an iron altar of Okawaru.
  2607 | D:4      | Found an ornate altar of the Wu Jian Council.
  2627 | D:4      | Reached XP level 7. HP: 46/54 MP: 7/7
  2766 | D:4      | Found a radiant altar of Vehumet.
  3167 | D:5      | Entered Level 5 of the Dungeon
  3199 | D:5      | Found a glowing drain.
  3208 | D:5      | HP: 2/55 [ogre/giant spiked club (12)]
  3239 | D:5      | Mangled by an ogre

Skill      XL: |  1  2  3  4  5  6 |
---------------+-------------------+-----
Armour         | 1 2 3 |  3.8
Fighting       | 3 4 |  4.3
Long Blades    | 4 |  4.9
Throwing       | |  2.0
Dodging        | |  3.0

Action                   |  1- 3 |  4- 6 |  7- 9 || total
-------------------------+-------+-------+-------++-------
Melee: Long sword        |    86 |   178 |    14 ||   278
       Flail             |       |       |    17 ||    17
 Fire: Hunting sling     |       |     4 |       ||     4
  Use: Scroll            |     1 |     1 |       ||     2
  Eat: Chunk             |     1 |     5 |     2 ||     8
Armor: Scale mail        |    50 |    32 |       ||    82
       Leather armour    |     3 |       |       ||     3
       Chain mail        |       |    78 |    17 ||    95
Dodge: Dodged            |    62 |    91 |    14 ||   167
       Rpst.: Long sword |    15 |    21 |     2 ||    38
